 Dungeon Crawl Stone Soup version 0.29-a0-275-g389c0b56f3 (webtiles) character file.

Game seed: 7706894214724540538

906 dolemite99 the Cleaver (level 7, -1/79 HPs)
             Began as a Demonspawn Berserker on Mar 12, 2022.
             Was a Believer of Trog.
             Slain by an ice beast (12 damage)
             ... on level 6 of the Dungeon.
             The game lasted 00:05:40 (5891 turns).

dolemite99 the Cleaver (Demonspawn Berserker)       Turns: 5891, Time: 00:05:40

Health: -1/79      AC: 15    Str: 20    XL:     7   Next: 81%
Magic:  7/7        EV:  8    Int:  8    God:    Trog [**....]
Gold:   83         SH:  4    Dex: 12    Spells: 6/6 levels left

rFire   . . .      SeeInvis .   a - +0 war axe
rCold   . . .      Faith    .   (no shield)
rNeg    . . .      Spirit   .   i - +0 chain mail
rPois   .          Reflect  .   (no helmet)
rElec   .          Harm     .   m - scarf {repulsion}
rCorr   .          Rampage  .   (no gloves)
Will    .....                   (no boots)
Stlth   ..........              d - amulet of regeneration
HPRegen 1.03/turn               (no ring)
MPRegen 0.10/turn               (no ring)

@: berserking, sanguine armoured, repel missiles, very quick
A: claws 1, sanguine armour 1, condensation shield
a: Renounce Religion, Berserk, Trog's Hand


You were on level 6 of the Dungeon.
You worshipped Trog.
Trog was pleased with you.
You visited 1 branch of the dungeon, and saw 6 of its levels.

You collected 251 gold pieces.
You spent 168 gold pieces at shops.

Inventory:

Hand Weapons
 a - a +0 war axe (weapon)
 f - a +0 hand axe
Missiles
 e - 6 poisoned darts (quivered)
 y - 6 javelins
Armour
 i - a +0 chain mail (worn)
 j - a +0 ring mail
 m - a scarf of repulsion (worn)
Jewellery
 d - an amulet of regeneration (around neck)
 l - a +4 ring of evasion
 q - a ring of see invisible
Wands
 g - a wand of flame (16)
 n - a wand of polymorph (6)
Scrolls
 b - a scroll of enchant armour {unknown}
 c - a scroll of vulnerability
 o - 3 scrolls of fear
 p - 3 scrolls of teleportation
 s - a scroll of noise
 v - a scroll of enchant weapon {unknown}
 x - a scroll of identify {@r1}
Potions
 h - a potion of lignification
 k - 2 potions of curing
 r - a potion of attraction {unknown}
 t - a potion of ambrosia {unknown}
 u - a potion of flight {unknown}
 w - a potion of might {unknown}


   Skills:
 - Level 3.8 Fighting
 - Level 12.3 Axes
 + Level 3.5 Armour
 - Level 1.7 Dodging


You had 6 spell levels left.
You didn't know any spells.
Your spell library was empty.

Dungeon Overview and Level Annotations

Branches:
Dungeon (6/15)
 Temple: D:4-7

Altars:
Fedhas
Nemelex Xobeh
Ru
Trog
Wu Jian
Zin

Shops:
D:4 ?


Innate Abilities, Weirdness & Mutations

You have sharp fingernails.
When seriously injured, your blood forms armour. (AC +6)
A meltable shield of frost defends you. (SH +4)


Message History

You closely miss the ice beast. You hit the white imp.
You kill the white imp!
Trog accepts your kill.
The ice beast hits you but does no damage.
You hit the ice beast but do no damage. You block the ice beast's attack.
You slash the ice beast!
The ice beast is heavily wounded.
The ice beast hits you. The ice beast freezes you!
You barely miss the ice beast.
The ice beast is heavily wounded.
The ice beast hits you but does no damage.
You are too injured to fight recklessly!
You hit the ice beast but do no damage.
The ice beast is heavily wounded.
The ice beast hits you but does no damage.
You barely miss the ice beast.
The ice beast is heavily wounded.
The ice beast hits you but does no damage.
You closely miss the ice beast.
The ice beast is heavily wounded.
You slash the ice beast! Your claw misses the ice beast.
The ice beast is severely wounded.
The ice beast barely misses you.
You closely miss the ice beast.
The ice beast is severely wounded.
The ice beast hits you. The ice beast freezes you!
* * * LOW HITPOINT WARNING * * *
You barely miss the ice beast.
The ice beast is severely wounded.
The ice beast closely misses you.
An ice beast is nearby!
A red film seems to cover your vision as you go berserk!
You feel yourself moving faster!
You feel mighty!
The ice beast hits you but does no damage.
You slash the ice beast! Your claw misses the ice beast.
The ice beast is almost dead.
The ice beast hits you.
* * * LOW HITPOINT WARNING * * *
The ice beast freezes you!
You die...

#........#
#..##.#..#
#........#
#.......##
####...## #...#
#...#
#####..)###.##.
.......@)......
........Y.....#
...............
#####...###.##.
#...# ?.. #...#
##. #...# #..<#


You could see an ice beast.

Vanquished Creatures
  An ogre (D:5)
  A phantom (D:5)
  A bullfrog (D:5)
  A scorpion (D:5)
  4 orc priests
  A hound (D:5)
  An iguana (D:5)
  An orc wizard (D:6)
  Ijyb (D:5)
  Robin (D:2)
  7 adders
  A white imp (D:6)
  An ufetubus (D:5)
  A worm (D:2)
  A dart slug (D:1)
  5 orcs
  4 ball pythons
  4 bats
  9 endoplasms
  2 giant cockroaches
  8 hobgoblins
  7 jackals (D:2)
  3 kobolds
  4 quokkas
  4 frilled lizards
  16 goblins
  8 rats
98 creatures vanquished.

Vanquished Creatures (others)
  A fungus (D:1)
1 creature vanquished.

Grand Total: 99 creatures vanquished

Notes
Turn   | Place    | Note
-------+----------+-------------------------------------------
     0 | D:1      | dolemite99 the Demonspawn Berserker began the quest for the
                  | Orb.
     0 | D:1      | Reached XP level 1. HP: 18/18 MP: 1/1
   446 | D:1      | Reached skill level 3 in Axes
   514 | D:1      | Gained mutation: When seriously injured, your blood forms
                  | armour. (AC +6) [demonic ancestry]
   514 | D:1      | Reached XP level 2. HP: 22/24 MP: 2/2
  1371 | D:2      | Reached XP level 3. HP: 26/29 MP: 3/3
  1396 | D:2      | Reached skill level 4 in Axes
  1887 | D:2      | Noticed Robin
  1899 | D:2      | Reached ** piety under Trog
  1900 | D:2      | Gained mutation: A meltable shield of frost defends you.
                  | (SH +4) [demonic ancestry]
  1900 | D:2      | Reached XP level 4. HP: 34/35 MP: 4/4
  1900 | D:2      | Killed Robin
  2806 | D:3      | Found a faded altar of an unknown god.
  2857 | D:3      | Found a sacrificial altar of Ru.
  3068 | D:3      | Reached skill level 5 in Axes
  3666 | D:4      | Reached XP level 5. HP: 31/41 MP: 5/5
  4286 | D:4      | Found Gaiffoos's Magic Scroll Shop.
  4305 | D:4      | Bought a scroll of identify for 24 gold pieces
  4309 | D:4      | Reached skill level 12 in Axes
  4309 | D:4      | Gained mutation: You have sharp fingernails. [demonic
                  | ancestry]
  4309 | D:4      | Reached XP level 6. HP: 47/47 MP: 6/6
  4311 | D:4      | Bought a scroll of teleportation for 36 gold pieces
  4311 | D:4      | Bought 2 scrolls of fear for 84 gold pieces
  4311 | D:4      | Bought a scroll of identify for 24 gold pieces
  4993 | D:5      | Entered Level 5 of the Dungeon
  5003 | D:5      | Noticed Ijyb
  5012 | D:5      | Killed Ijyb
  5251 | D:5      | Reached XP level 7. HP: 53/53 MP: 7/7
  5656 | D:5      | Found an ornate altar of the Wu Jian Council.
  5785 | D:5      | Found a bloodstained altar of Trog.
  5785 | D:5      | Found a sparkling altar of Nemelex Xobeh.
  5796 | D:5      | Found a blossoming altar of Fedhas.
  5891 | D:6      | Slain by an ice beast

Illustrated notes

Levels and vault maps discovered:
D:1:      tarquinn_simple_flora_water_f, layout_basic, item_on_display_a
D:2:      layout_basic, uniq_robin
D:3:      layout_loops_corners, mainiacjoe_overflow_small_starburst,
          ebering_ecumenical_altar_petrified, grunt_ministairs_5,
          kennysheep_nondescript, minmay_starry_boxes
D:4:      layout_basic, nicolae_stop_n_shop_1, minivault_24
D:5:      layout_rooms, nicolae_overflow_hallway_of_the_gods, uniq_ijyb
D:6:      layout_loops_cross, serial_bayou_pond_e,
          minmay_fractal_squares_diagonal_5

Skill      XL: |  1  2  3  4  5  6  7 |
---------------+----------------------+-----
Axes           | 3 4 5 12 | 12.3
Armour         | 3 |  3.5
Fighting       | |  3.8
Dodging        | |  1.7

Action                   |  1- 3 |  4- 6 |  7- 9 || total
-------------------------+-------+-------+-------++-------
Melee: Hand axe          |    84 |    87 |       ||   171
       War axe           |       |    26 |    54 ||    80
Throw: Dart              |    24 |    17 |     1 ||    42
Invok: Berserk           |     8 |     6 |     2 ||    16
       Trog's Hand       |       |     2 |     1 ||     3
  Use: Scroll            |       |     7 |     1 ||     8
       Potion            |       |     1 |       ||     1
 Stab: Sleeping          |     2 |       |       ||     2
Armor: Animal skin       |    27 |     2 |       ||    29
       Ring mail         |       |    32 |       ||    32
       Chain mail        |       |       |    23 ||    23
Dodge: Dodged            |    76 |    53 |    28 ||   157
       Repelled          |       |       |     1 ||     1
Block: Other             |       |    26 |    14 ||    40

Table legend: (Time is in decaauts)
 A = Elapsed time spent in this place.
 B = Non-inter-level travel time spent in this place.
 C = Inter-level travel time spent in this place.
 D = Time resting spent in this place.
 E = Time spent auto-exploring this place.
 F = Levels seen in this place.
 G = Mean time per level.
                   A        B        C        D        E       F      G
               +--------+--------+--------+--------+--------+-----+--------+
         Total |   6056 |   5738 |    318 |   2112 |   2644 |   6 | 1009.3 |
       Dungeon |   6056 |   5738 |    318 |   2112 |   2644 |   6 | 1009.3 |
               +--------+--------+--------+--------+--------+-----+--------+

Top non-repeatable levels by time:
     D:4: 1636 daAuts
     D:2: 1417 daAuts
     D:1: 1392 daAuts
     D:3: 926 daAuts
     D:5: 644 daAuts
     D:6: 39 daAuts
